 Dungeon Sprint DCSS version 0.25.1-2-g60ff931df9 (webtiles) character file.

Game seed: 17089909089949839145

1746 lepoulpe303 the Cleaver (level 8, 0/86 HPs)
             Began as a Deep Dwarf Fighter on Sept 27, 2020.
             Was a Believer of Makhleb.
             Slain by a demonic crawler (9 damage)
             ... in the Dungeon (Sprint I: "Red Sonja").
             The game lasted 00:03:32 (373 turns).

lepoulpe303 the Cleaver (Deep Dwarf Fighter)         Turns: 373, Time: 00:03:32

Health: 0/86       AC:  7    Str: 22    XL:     8   Next: 77%
Magic:  9/12       EV:  9    Int:  9    God:    Makhleb [**....]
Gold:   60         SH: 11    Dex: 12    Spells: 7/7 levels left

rFire    . . .     SeeInvis .   a - +0 war axe
rCold    . . .     Gourm    .   c - +0 kite shield
rNeg     . . .     Faith    .   f - +3 leather armour {MR+} {MR+}
rPois    .         Spirit   .   (no helmet)
rElec    .         Reflect  .   (no cloak)
rCorr    .         Harm     .   (no gloves)
MR       ++...     NoTele   +   (no boots)
Stlth    +.........             (no amulet)
HPRegen  0.00/turn              (no ring)
MPRegen  0.13/turn              (no ring)

@: berserk cooldown, non-regenerating, slowed, very slow
A: damage resistance, heal wounds, sense surroundings 1, no regeneration
a: Heal Wounds, Minor Destruction, Renounce Religion


You were in the Dungeon.
You worshipped Makhleb.
Makhleb was pleased with you.
You were not hungry.

You visited 1 branch You collected 424 gold pieces.
You spent 364 gold pieces at shops.

Inventory:

Hand Weapons
 a - a +0 war axe (weapon)
Armour
 b - a +0 scale mail
 c - a +0 kite shield (worn)
 f - a +3 leather armour of magic resistance (worn) {MR+}
Wands
 m - a wand of acid (7)
Scrolls
 k - a scroll of enchant armour {unknown}
 B - a scroll of blinking {!r}
Potions
 d - a potion of might
 h - a potion of haste
 i - 2 potions of magic
 l - a potion of heal wounds
 q - a potion of curing
Comestibles
 e - a ration
 g - 5 chunks of flesh


   Skills:
 * Level 10.2 Fighting
 * Level 11.7 Axes
 + Level 8.9 Armour
 + Level 9.0 Shields
 * Level 7.5 Invocations
 + Level 5.2 Evocations


You had 7 spell levels left.
You didn't know any spells.
Your spell library was empty.

Dungeon Overview and Level Annotations

Branches:
Dungeon (1/1)

Altars:
Cheibriados
Dithmenos
Elyvilon
Fedhas
Gozag
Hepliaklqana
Kikubaaqudgha
Makhleb
Nemelex Xobeh
Okawaru
Qazlal
Ru
Sif Muna
Trog
Uskayaw
Vehumet
Wu Jian
Xom
Yredelemnul
Zin
The Shining One
Jiyva
Lugonu

Shops:
D }


Innate Abilities, Weirdness & Mutations

You are resistant to damage.
You can heal yourself by infusing magical energy.
You passively map a small area around you.
You do not regenerate.


Message History

You can now harness Makhleb's destructive might.
Your Shields skill increases to level 9!
Your Invocations skill increases to level 7!
Your Evocations skill increases to level 5!
You barely miss the demonic crawler.
You hit the demonic crawler but do no damage.
The demonic crawler hits you!
* * * LOW HITPOINT WARNING * * *
The demonic crawler hits you.
* * * LOW HITPOINT WARNING * * *
The demonic crawler closely misses you. The demonic crawler barely misses you.
You block the demonic crawler's attack.
The demonic crawler hits you but does no damage.
You take 7 damage, and have 13/129 hp.
You slice the demonic crawler!! You barely miss the demonic crawler.
You are no longer berserk.
You are exhausted.
You feel yourself slow down. The demonic crawler hits you!
You die...

##################**
* .#..'..#__#.))...#,
,
.').#..'^.'..#..s##+#
*
'#####'#__####..@s..#
* .#...#.####
,#####..+, ##..##.# ,
,, * ## , _##'#_.+ ,
,, * ..÷..._#≈ , +
_##_.#'#* ,, ,
_###+#.# * , * * ##
*,### + * , , + ,, *
,


You could see 2 demonic crawlers.

Levels and vault maps discovered:
D:        dungeon_sprint_1 [red_sonja_temple_1, red_sonja_temple_small_1]

Notes
Turn   | Place    | Note
-------+----------+-------------------------------------------
     0 | D        | lepoulpe303 the Deep Dwarf Fighter began the quest for the
                  | Orb.
     0 | D        | Reached XP level 1. HP: 20/20 MP: 1/1
     2 | D        | Identified a +0 club
     2 | D        | Identified a +3 leather armour of magic resistance
     2 | D        | Noticed Ijyb
    14 | D        | Killed Ijyb
    14 | D        | Reached skill level 4 in Fighting
    14 | D        | Reached skill level 4 in Axes
    14 | D        | Reached skill level 4 in Armour
    14 | D        | Reached skill level 4 in Shields
    14 | D        | Reached XP level 2. HP: 28/30 MP: 2/2
    28 | D        | Identified a +0 giant spiked club
    28 | D        | Noticed an ogre
    35 | D        | Killed an ogre
    35 | D        | Reached skill level 5 in Fighting
    35 | D        | Reached skill level 6 in Axes
    35 | D        | Reached skill level 5 in Armour
    35 | D        | Reached skill level 5 in Shields
    35 | D        | Reached XP level 3. HP: 21/39 MP: 3/3
    35 | D        | Reached XP level 4. HP: 25/46 MP: 4/4
    47 | D        | Identified a +0 scythe
    47 | D        | Identified a +0 robe
    47 | D        | Noticed Sigmund
    66 | D        | HP: 9/46 [something/magic dart (4)]
    70 | D        | HP: 4/46 [something/magic dart (4)]
    72 | D        | Killed Sigmund
    72 | D        | Reached skill level 7 in Fighting
    72 | D        | Reached skill level 8 in Axes
    72 | D        | Reached skill level 6 in Armour
    72 | D        | Reached skill level 6 in Shields
    72 | D        | Reached XP level 5. HP: 26/57 MP: 5/5
   188 | D        | Found an ornate altar of the Wu Jian Council.
   188 | D        | Found a shimmering blue altar of Sif Muna.
   190 | D        | Found a radiant altar of Vehumet.
   195 | D        | Reached XP level 6. HP: 61/66 MP: 5/5
   218 | D        | Found Xaulaf's Gadget Emporium.
   218 | D        | Found an ancient bone altar of Kikubaaqudgha.
   218 | D        | Found a hazy altar of Hepliaklqana.
   218 | D        | Found a hide-covered altar of Uskayaw.
   218 | D        | Found a basalt altar of Yredelemnul.
   218 | D        | Found an opulent altar of Gozag.
   218 | D        | Found a snail-covered altar of Cheibriados.
   218 | D        | Found a sacrificial altar of Ru.
   218 | D        | Found a shadowy altar of Dithmenos.
   218 | D        | Noticed a yak
   225 | D        | Killed a yak
   225 | D        | Reached skill level 8 in Fighting
   225 | D        | Reached skill level 9 in Axes
   225 | D        | Reached skill level 7 in Armour
   225 | D        | Reached skill level 7 in Shields
   226 | D        | Found a stormy altar of Qazlal.
   226 | D        | Found a blossoming altar of Fedhas.
   226 | D        | Found a bloodstained altar of Trog.
   226 | D        | Found an iron altar of Okawaru.
   226 | D        | Found a glowing golden altar of the Shining One.
   226 | D        | Found a glowing silver altar of Zin.
   226 | D        | Found a white marble altar of Elyvilon.
   230 | D        | Found a sparkling altar of Nemelex Xobeh.
   246 | D        | Found a viscous altar of Jiyva.
   246 | D        | Found a corrupted altar of Lugonu.
   246 | D        | Noticed a slime creature
   247 | D        | Found a burning altar of Makhleb.
   247 | D        | Found a shimmering altar of Xom.
   258 | D        | Killed a slime creature
   258 | D        | Reached skill level 10 in Axes
   258 | D        | Reached XP level 7. HP: 56/75 MP: 6/6
   260 | D        | Became a worshipper of Makhleb the Destroyer
   319 | D        | Bought a wand of acid (9) for 364 gold pieces
   336 | D        | Identified a +0 dagger
   336 | D        | Identified a +0 robe
   336 | D        | Noticed a kobold demonologist
   337 | D        | Identified a +0 dagger
   337 | D        | Identified a +0 robe
   337 | D        | Noticed a kobold demonologist
   341 | D        | Reached skill level 2 in Invocations
   341 | D        | Reached skill level 1 in Evocations
   344 | D        | Noticed an ice devil
   344 | D        | Killed a kobold demonologist
   344 | D        | Reached skill level 9 in Fighting
   344 | D        | Reached skill level 8 in Armour
   344 | D        | Reached skill level 8 in Shields
   344 | D        | Reached skill level 4 in Invocations
   344 | D        | Reached skill level 3 in Evocations
   348 | D        | Killed a kobold demonologist
   348 | D        | Reached * piety under Makhleb
   348 | D        | Reached skill level 11 in Axes
   348 | D        | Reached skill level 5 in Invocations
   348 | D        | Reached skill level 4 in Evocations
   348 | D        | Reached XP level 8. HP: 61/86 MP: 6/11
   353 | D        | Noticed a demonic crawler
   353 | D        | Noticed a demonic crawler
   353 | D        | Noticed a demonic crawler
   353 | D        | Noticed a demonic crawler
   363 | D        | HP: 30/129 [demonic crawler (9)]
   367 | D        | Killed a demonic crawler
   367 | D        | Reached skill level 10 in Fighting
   367 | D        | Reached skill level 6 in Invocations
   371 | D        | Killed a demonic crawler
   371 | D        | Reached ** piety under Makhleb
   371 | D        | Reached skill level 9 in Shields
   371 | D        | Reached skill level 7 in Invocations
   371 | D        | Reached skill level 5 in Evocations
   372 | D        | HP: 17/129 [demonic crawler (3)]
   373 | D        | Slain by a demonic crawler

Table legend:
 A = Turns spent in this place as a percentage of turns spent in the entire game.
 B = Non-inter-level travel turns spent in this place as a percentage of non-inter-level travel turns spent in the entire game.
 C = Inter-level travel turns spent in this place as a percentage of turns spent in this place.
 D = Turns resting spent in this place as a percentage of non-inter-level travel turns spent in this place.
 E = Turns spent auto-exploring this place as a percentage of non-inter-level travel turns spent in this place.
 F = Non-inter-level travel turns spent in this place divided by the number of levels of this place that you've seen.
                   A       B       C       D       E      F
               +-------+-------+-------+-------+-------+----------------------
         Total | 100.0 | 100.0 |   0.0 |  26.8 |   0.0 | 373.0
       Dungeon | 100.0 | 100.0 |   0.0 |  26.8 |   0.0 | 373.0
               +-------+-------+-------+-------+-------+----------------------

Table legend:
 A = Kills in this place as a percentage of kills in entire the game.
 B = Kills by you in this place as a percentage of kills by you in the entire game.
 C = Kills by friends in this place as a percentage of kills by friends in the entire game.
 D = Other kills in this place as a percentage of other kills in the entire game.
 E = Experience gained in this place as a percentage of experience gained in the entire game.
 F = Experience gained in this place divided by the number of levels of this place that you have seen.
                   A       B       C       D       E      F
               +-------+-------+-------+-------+-------+----------------------
         Total | 100.0 | 100.0 |   N/A |   N/A | 100.0 | 2495.0
       Dungeon | 100.0 | 100.0 |   N/A |   N/A | 100.0 | 2495.0
               +-------+-------+-------+-------+-------+----------------------

Skill      XL: |  1  2  3  4  5  6  7  8 |
---------------+-------------------------+-----
Fighting       | 4 5 7 8 9 10 | 10.2
Axes           | 4 6 8 10 11 | 11.7
Armour         | 4 5 6 7 8 |  8.9
Shields        | 4 5 6 7 8 9 |  9.0
Invocations    | 5 7 |  7.5
Evocations     | 4 5 |  5.2

Action                   |  1- 3 |  4- 6 |  7- 9 || total
-------------------------+-------+-------+-------++-------
Melee: War axe           |    18 |    45 |    28 ||    91
 Abil: Heal Wounds       |       |     5 |       ||     5
Evoke: Wand              |       |       |     2 ||     2
  Use: Potion            |       |       |     1 ||     1
Armor: Scale mail        |     5 |       |       ||     5
       Leather armour    |     1 |     3 |     8 ||    12
Dodge: Dodged            |     6 |    13 |    29 ||    48
Block: Kite shield       |     5 |    10 |    21 ||    36

Vanquished Creatures
  2 kobold demonologists (D)
  2 demonic crawlers (D)
  A slime creature (D)
  Sigmund (D)
  A yak (D)
  A floating eye (D)
  An ogre (D)
  A jelly (D)
  Ijyb (D)
11 creatures vanquished.
